Map: Washout LE

Players

SpearOfAdun - Winner!

  • Race: Terran Terran
  • League: Master

A.I. 2 (Elite)

  • Race: Terran Terran

VOD

Have the link to the VOD?

Description

Time

  • Played on: Oct. 15, 2026, 2:23 p.m.
  • Length: 6:24
Show
View Real Time Build Order
Export as new Build Order

SpearOfAdun Terran - Winner!

Build Orders: Banshee Rush 

Get SALT Encoding   

  12  0:00  SCV  
  13  0:12  SCV  
  14  0:16  Supply Depot  
  14  0:25  SCV  
  15  0:38  SCV  
  15  0:39  Barracks  
  16  0:43  Refinery  
  16  0:50  SCV  
  17  1:02  SCV  
  18  1:14  SCV  
  19  1:28  Marine, Orbital Command  
  20  1:34  Bunker  
  20  1:40  Bunker  
  20  1:46  Marine  
  21  1:51  Supply Depot  
  21  1:53  Factory  
  21  1:57  SCV  
  22  2:03  Refinery  
  22  2:04  Marine  
  23  2:11  Supply Depot  
  23  2:16  SCV  
  23  2:22  Marine  
  25  2:33  SCV  
  26  2:37  Starport  
  26  2:39  Hellion  
  28  2:45  SCV  
  28  2:49  Supply Depot  
  29  2:52  Barracks Reactor  
  29  2:57  SCV  
  30  3:04  Factory Tech Lab  
  30  3:09  SCV  
  31  3:25  Cloaking Field, Banshee  
  34  3:29  Factory Tech Lab  
  34  3:30  Supply Depot, Marine x2  
  36  3:48  Siege Tank  
  39  3:49  Marine x2  
  39  3:52  Supply Depot  
  41  4:08  Supply Depot  
  41  4:09  Banshee  
  43  4:19  Supply Depot  
  43  4:21  Marine  
  43  4:22  Marine  
  45  4:30  Siege Tank  
  48  4:39  Marine x2  
  50  4:54  Banshee  
  50  4:57  Marine x2  
  55  5:12  Siege Tank  
  58  5:15  Marine x2  
  60  5:33  Marine x2  
  62  5:38  Supply Depot  
  62  5:48  Siege Tank  
  68  5:50  Marine  
  68  5:51  Marine  
  70  6:02  Supply Depot  
Show
View Real Time Build Order
Export as new Build Order

A.I. 2 (Elite) Terran 

Build Orders:  

Get SALT Encoding   

  12  0:00  SCV  
  13  0:13  SCV  
  14  0:18  Supply Depot  
  14  0:25  SCV  
  15  0:28  Refinery  
  15  0:39  SCV  
  16  0:47  Barracks  
  16  0:51  SCV  
  17  1:04  SCV  
  18  1:16  SCV  
  19  1:34  Marine  
  19  1:36  Supply Depot, Orbital Command  
  19  1:39  Factory  
  20  1:49  Barracks  
  20  1:51  Marine  
  21  2:01  SCV  
  21  2:04  Refinery  
  22  2:09  Marine  
  22  2:13  SCV  
  24  2:19  Supply Depot  
  24  2:25  Factory Tech Lab, SCV  
  24  2:27  Marine  
  26  2:36  Marine  
  27  2:43  SCV  
  28  2:44  Siege Tank  
  28  2:45  Marine  
  32  2:53  Marine  
  32  2:56  Supply Depot, SCV  
  34  3:03  Marine  
  35  3:11  Marine  
  36  3:15  SCV  
  36  3:17  Siege Tank  
  40  3:21  Marine  
  41  3:28  Supply Depot  
  41  3:29  Marine  
  42  3:37  SCV  
  43  3:49  Siege Tank  
  46  3:59  Command Center  
  46  4:00  SCV  
  47  4:05  Barracks Tech Lab  
  47  4:06  Barracks Tech Lab  
  47  4:12  SCV  
  48  4:17  Supply Depot  
  48  4:23  Marauder  
  50  4:24  SCV  
  50  4:28  Marauder  
  53  4:36  SCV  
  54  4:38  Stimpack  
  54  4:44  Marauder  
  56  4:48  Engineering Bay  
  56  4:49  Marine  
  57  4:57  Supply Depot  
  58  5:07  Marauder  
  56  5:20  Starport  
  56  5:22  Marauder  
  56  5:28  Marine  
  57  5:29  SCV  
  53  5:36  SCV  
  46  5:43  Marine  
  46  5:46  Marine  
  41  5:56  Starport Tech Lab  
Tags
 
League
Master
Matchup
TvT
Race
Terran
Strategy
Banshee Rush
Add a new tag
Caveats
  • Supply blocks, unpowered buildings, or Contaminate may cause inaccurate times.
  • Supply counts are checked every 10 seconds.